Map: Orbital Shipyard

Players

MorN

  • Race: Terran Terran
  • League: Master

Mariuslol - Winner!

  • Race: Zerg Zerg
  • League: Master

VOD

Have the link to the VOD?

Description

Time

  • Played on: Nov. 23, 2015, 9:29 p.m.
  • Length: 7:44
Show
View Real Time Build Order
Export as new Build Order

MorN Terran 

Build Orders: Reaper Expand 

Get SALT Encoding   

  12  0:01  SCV  
  13  0:13  SCV  
  14  0:17  Supply Depot  
  14  0:25  SCV  
  15  0:39  SCV  
  15  0:41  Barracks  
  16  0:46  Refinery  
  16  0:51  SCV  
  17  1:03  SCV  
  18  1:15  SCV  
  19  1:28  Orbital Command  
  19  1:30  Reaper  
  20  1:41  Command Center  
  20  1:53  Supply Depot  
  20  1:54  SCV  
  21  2:02  Reaper  
  21  2:07  SCV  
  23  2:19  SCV  
  24  2:27  Factory  
  24  2:31  SCV  
  25  2:49  Refinery  
  24  2:51  Barracks Reactor  
  24  2:52  Command Center  
  24  2:55  Orbital Command  
  24  2:56  SCV  
  25  3:08  SCV  
  26  3:19  Starport  
  27  3:27  SCV x2  
  27  3:29  Marine x2  
  27  3:30  Factory Tech Lab  
  30  3:39  SCV  
  30  3:40  SCV  
  32  3:47  Marine x2  
  34  3:51  SCV  
  34  3:52  SCV  
  36  4:06  Marine x2  
  37  4:11  SCV  
  37  4:12  Orbital Command  
  37  4:13  Factory Tech Lab  
  37  4:14  SCV  
  37  4:15  Banshee, Cloaking Field  
  42  4:23  SCV  
  43  4:27  SCV  
  44  4:35  Barracks  
  44  4:36  Barracks  
  44  4:38  SCV  
  44  4:41  Marine  
  44  4:42  Stimpack  
  44  4:45  Factory Reactor  
  46  4:46  SCV  
  46  4:49  Refinery  
  46  4:50  Refinery, Engineering Bay  
  46  4:51  SCV  
  46  4:52  Engineering Bay  
  48  4:53  Supply Depot  
  48  4:57  SCV  
  48  4:59  SCV  
  50  5:00  Barracks  
  50  5:01  Banshee, Barracks  
  50  5:04  SCV  
  54  5:09  SCV  
  54  5:11  SCV  
  56  5:26  Marine x3  
  59  5:30  Supply Depot  
  59  5:32  Marine  
  59  5:33  Factory Reactor, Marine  
  61  5:43  Marine  
  61  5:44  SCV x2, Marine  
  61  5:45  Marine  
  66  5:50  Marine x2  
  70  5:57  Barracks Reactor x2  
  70  6:01  Marine x2  
  70  6:03  Supply Depot, Marauder, SCV  
  70  6:06  Starport Reactor  
  70  6:08  Marine x2  
  72  6:13  Supply Depot  
  72  6:14  Supply Depot  
  72  6:16  Supply Depot  
  72  6:19  Marine  
  72  6:25  Marine x2  
  72  6:26  Marine x2  
  74  6:37  Marine x2  
  74  6:38  Marine x3  
  74  6:39  Widow Mine x2  
  73  6:43  Marauder, Marine  
  73  6:46  Marine  
  73  6:47  Marine  
  76  6:51  Medivac x2  
  74  6:55  Marine  
  74  6:58  Marine x3  
  71  7:02  Marine x2  
  71  7:04  Supply Depot x2, Marine  
  71  7:05  Supply Depot, Marauder  
  71  7:08  Widow Mine  
  67  7:19  Marine x3  
Show
View Real Time Build Order
Export as new Build Order

Mariuslol Zerg - Winner!

Build Orders: Hatch First 

Get SALT Encoding   

  12  0:00  Drone  
  13  0:13  Overlord  
  13  0:20  Drone  
  14  0:32  Drone x2  
  16  0:35  Drone  
  17  0:54  Hatchery  
  17  0:56  Drone  
  17  0:59  Drone  
  17  1:04  Extractor  
  17  1:08  Drone  
  18  1:18  Spawning Pool  
  17  1:21  Drone  
  18  1:29  Drone  
  19  1:43  Overlord  
  19  2:05  Zergling x4  
  19  2:06  Queen x2, Zergling x2  
  26  2:12  Metabolic Boost  
  26  2:15  Drone  
  27  2:23  Drone  
  27  2:29  Overlord  
  28  2:30  Drone  
  29  2:38  Drone  
  30  2:47  Drone  
  30  2:48  Drone  
  32  3:02  Hatchery  
  32  3:04  Drone x2  
  32  3:05  Drone x2  
  35  3:08  Queen  
  35  3:10  Drone  
  38  3:15  Drone x2  
  38  3:16  Drone  
  38  3:19  Drone  
  42  3:22  Drone  
  42  3:23  Drone  
  44  3:28  Overlord  
  44  3:31  Drone, Extractor x2  
  43  3:36  Drone  
  44  3:50  Queen  
  44  3:51  Overlord, Drone  
  44  3:52  Drone x3  
  50  3:58  Drone x2  
  50  4:00  Drone  
  52  4:06  Drone  
  52  4:08  Lair  
  52  4:18  Drone  
  52  4:19  Drone x2  
  52  4:23  Drone x3  
  58  4:26  Drone  
  58  4:28  Roach Warren  
  58  4:33  Drone  
  58  4:35  Extractor  
  58  4:36  Drone x3  
  58  4:37  Drone  
  62  4:43  Overlord  
  62  4:44  Drone x2  
  64  4:52  Overlord x4  
  64  4:55  Queen  
  66  5:09  Nydus Network, Roach x4  
  66  5:13  Overseer, Glial Reconstitution  
  73  5:18  Roach x4  
  81  5:26  Roach x3  
  87  5:30  Roach  
  89  5:36  Roach x2  
  90  5:43  Spore Crawler, Roach x3  
  95  5:52  Queen  
  95  5:53  Queen  
  95  5:56  Drone x2, Queen  
  100  6:00  Spore Crawler  
  99  6:04  Nydus Canal  
  99  6:06  Roach x2  
  99  6:07  Roach  
  99  6:09  Drone  
  106  6:14  Overseer  
  106  6:29  Nydus Canal  
  106  6:35  Queen  
  106  6:37  Drone  
  105  6:40  Roach x2  
  105  6:41  Roach  
  97  6:51  Roach x3  
  97  6:55  Roach x4  
  97  7:00  Overseer  
  105  7:19  Overlord x3  
  99  7:24  Roach x3  
Tags
 
Add a new tag
Caveats
  • Supply blocks, unpowered buildings, or Contaminate may cause inaccurate times.
  • Supply counts are checked every 10 seconds.